Charles, chaotic male orcish Rogue ---- ---...| .-- -......| ..... -...---.| ...... |....| |.| |...... --....| |.| -.. --....` --- |....- |.| |...| |..... |... -..-- |.| ---...-- |.......--.- ....-- |.| |....... ----- ---.......| ....| |.-----.|..... |..|..| |..)%.--- .....| |...|...|.--. --.....| --.....| .....-- ---....----------- |.....-- |........ -.--| |..............|---...--- --........ |...| --------------.-|...--- ......<.. ---.--- |..|.--- -....... |....- |....-- ...... ---f.>| -....| -.. ##o...| |..--- ----- ---- Charles the Rogue Experience level: 7 Strength: 15 Dexterity: 18 Constitution: 15 Intelligence: 8 Wisdom: 10 Charisma: 12 Health: 0(48) Energy: 22(22) Def: 3 Gold: 1528 Moves: 5567 Dungeon seed: iyj9T-Wblrewimnr Game ID: Charles_1529209316 Your Inventory: Coins $ - 1528 gold pieces Amulets v - a cursed amulet of change Weapons a - a corroded +0 orcish short sword (weapon in hand) b - 5 +0 orcish daggers (in quiver) V - a cursed -1 orcish dagger W - a cursed +0 orcish dagger X - a +0 orcish dagger Z - a +0 elven dagger Armor e - a blessed +1 leather armor (being worn) r - an uncursed corroded +0 orcish helm (being worn) Comestibles o - an uncursed lembas wafer x - 3 uncursed eggs M - 2 uncursed cream pies Scrolls p - a cursed scroll of light Potions c - an uncursed potion of object detection f - a cursed potion of fruit juice Wands k - a wand of create monster (0:7) u - a wand of digging (0:0) H - a wand of digging (0:7) L - a wand of sleep (0:0) T - a wand of undead turning (0:3) Tools h - 7 uncursed tallow candles (0:200) i - 3 uncursed wax candles (0:400) j - an uncursed partly used wax candle (lit) (0:323) l - an uncursed skeleton key m - 6 cursed tallow candles (0:200) n - an uncursed blindfold s - an uncursed lock pick F - an uncursed bag of holding U - an uncursed sack Gems q - an uncursed worthless piece of black glass Contents of the bag of holding: an uncursed +1 orcish helm an uncursed +0 orcish helm 8 uncursed food rations a blessed scroll of blank paper 2 uncursed scrolls of blank paper a cursed scroll of blank paper an uncursed scroll of confuse monster 2 uncursed scrolls of earth an uncursed scroll of light a cursed potion of fruit juice an uncursed potion of gain energy a cursed potion of levitation an uncursed potion of sickness a blessed +2 ring of adornment an uncursed ring of free action an uncursed +2 ring of increase damage an uncursed ring of polymorph control 2 uncursed tallow candles (0:200) an uncursed wax candle (0:400) an uncursed touchstone an uncursed worthless piece of yellow glass Spells and supernatural/magical abilities: Name Level Category Fail Memory W - pray for help -- divine ? -- Your skills at the end: Fighting Skills Weapon Skills dagger [Basic] short sword [Basic] Spellcasting Skills Final Attributes: You were piously aligned. You were poison resistant. You were telepathic. You had infravision. You were stealthy. You are dead. Vanquished creatures: 2 giant mimics a small mimic a panther a wood nymph 3 gnome lords 2 gnomish wizards a gray ooze a paper golem 2 giant ants a little dog 3 floating eyes a kitten 2 dwarves a homunculus a kobold lord a kobold shaman a centipede a giant bat a dwarf zombie a werejackal 4 iguanas an acid blob 4 gas spores 3 hobbits 2 manes a large kobold 3 cave spiders a brown mold 2 yellow molds a green mold 2 red molds 14 gnomes 2 garter snakes a gnome zombie a gecko 7 jackals 2 foxes 4 kobolds 5 goblins 17 sewer rats 19 grid bugs a bat 2 lichens 4 kobold zombies 15 newts 146 creatures vanquished. Voluntary challenges: You used a wielded weapon 205 times, starting on turn 59. You were illiterate. You never genocided any monsters. You never polymorphed an object. You never changed form. You used no wishes. You never split a pudding. You never wrote Elbereth's name. You violated your moral code, losing 74 points of alignment, starting on turn 2032. Dungeon overview: The Dungeons of Doom: levels 1 to 7 Level 1 a long staircase Level 2 Level 3 an altar to Issek Level 4 a general store, a fountain stairs to The Gnomish Mines Level 5 many fountains Level 6 stairs to Sokoban Level 7 The Gnomish Mines: levels 5 to 9 Level 5 stairs to The Dungeons of Doom Level 6 Level 7 Level 8 many shops, a temple to Mog, some fountains Level 9 <- You were here Sokoban: levels 2 to 5 Level 2 Level 3 Level 4 Level 5 stairs to The Dungeons of Doom History has recorded: On T:1 you entered the Dungeons of Doom to retrieve the Amulet of Yendor! On T:128 you reached level 2 of The Dungeons of Doom. On T:552 you reached level 3 of The Dungeons of Doom. On T:634 you reached level 4 of The Dungeons of Doom. On T:776 you reached level 5 of The Dungeons of Doom. On T:795 you advanced to experience level 2. On T:949 you advanced to experience level 3. On T:982 you reached level 6 of The Dungeons of Doom. On T:1049 you reached level 7 of The Dungeons of Doom. On T:1118 you reached level 4 of Sokoban. On T:1239 you advanced to experience level 4. On T:1566 you reached level 3 of Sokoban. On T:2188 you reached level 2 of Sokoban. On T:2585 you reached level 1 of Sokoban. On T:2774 you advanced to experience level 5. On T:3715 you advanced to experience level 6. On T:4444 you reached level 1 of The Gnomish Mines. On T:4447 you reached level 2 of The Gnomish Mines. On T:4562 you reached level 3 of The Gnomish Mines. On T:4563 you reached level 4 of The Gnomish Mines. On T:4840 you advanced to experience level 7. On T:4842 you reached level 5 of The Gnomish Mines. Score breakdown: Gold: 1528 (10832 points) Experience: 7 levels (13645 points) Exploration: 9 levels ( 18.75%) (12377 points) Discoveries: 11 items ( 3.83%) ( 5873 points) Valuables value: (no points given unless you survive) Artifact value: 0 ( 0 points) Variety of kills: 45 monsters ( 11.81%) (10310 points) Turncount: 5567 turns (-1513 points) Survival: died (score multiplied by 80%) Total score: 41219 Latest messages: Your candle's flame burns brightly! Please move the cursor to an unknown object. Never mind. The gnome lord wields a bow! The gnome wields a bow! Never mind. The tiger hits! (2x) The tiger bites! The tiger hits! (2x) The tiger bites! You die... The sack is empty. The sack is empty. Final status: Goodbye Charles the Rogue, killed by a tiger... You died in The Gnomish Mines on dungeon level 9 with 41219 points, and 1528 pieces of gold, after 5567 moves. You were level 7 with a maximum of 48 hit points when you died.